[Event "European Online Club-ch-D 2021"]
[Site "Online"]
[Date "2021.03.27"]
[Round "7.1"]
[White "Bauer, Christian"]
[Black "Eren, Ataberk"]
[Result "0-1"]
[ECO "C77"]
[WhiteElo "2639"]
[BlackElo "2306"]
[Annotator "ChessBase"]
[PlyCount "100"]
[EventDate "2021.03.27"]
[EventType "team-tourn"]
[EventCountry "NET"]
[SourceTitle "playchess.com"]
[Source "ChessBase"]
[SourceQuality "1"]
[TimeControl "900+5"]

1. e4 e5 2. Nf3 Nc6 3. Bb5 a6 4. Ba4 Nf6 5. Nc3 b5 6. Bb3 Be7 7. d3 d6 8. a3 O-O 9. O-O Na5 10. Ba2 c5 11. Bg5 Bb7 12. Bxf6 Bxf6 13. Nd5 g6 14. g3 Bg7 15. h4 Nc6 16. h5 Ne7 17. hxg6 hxg6 18. Ne3 d5 19. Qe2 dxe4 20. dxe4 c4 21. Ng4 Nc6 22. c3 Qd7 23. Ng5 Rad8 24. Rad1 Qe7 25. Nf3 Qe6 26. Ne3 Ne7 27. Ng5 Qf6 28. Qg4 Bh6 29. Rxd8 Rxd8 30. f4 Qb6 31. Re1 Rd3 32. Kf2 f6 33. Qe6+ Qxe6 34. Nxe6 exf4 35. gxf4 Kf7 36. Nc5 Rd2+ 37. Kf3 Bc8 38. Rh1 Kg7 39. Bxc4 bxc4 40. Nxc4 Rd8 41. a4 Nc6 42. b4 g5 43. f5 Na7 44. Nb6 g4+ 45. Kxg4 Bd2 46. Nd5 Nc6 47. Rg1 Ne5+ 48. Kh5+ Kf7 49. Kh4 Nf3+ 50. Kg3 Nxg1 0-1

[Event "European Online Club-ch-D 2021"]
[Site "Online"]
[Date "2021.03.27"]
[Round "7.2"]
[White "Erdogan, Anil Berk"]
[Black "Pelletier, Yannick"]
[Result "1-0"]
[ECO "B13"]
[WhiteElo "2155"]
[BlackElo "2581"]
[Annotator "ChessBase"]
[PlyCount "71"]
[EventDate "2021.03.27"]
[EventType "team-tourn"]
[EventCountry "NET"]
[SourceTitle "playchess.com"]
[Source "ChessBase"]
[SourceQuality "1"]
[TimeControl "900+5"]

1. e4 c6 2. d4 d5 3. exd5 cxd5 4. c4 Nf6 5. Nc3 Nc6 6. Bg5 Be6 7. Be2 Qa5 8. Bf3 Rd8 9. Nge2 dxc4 10. Bxf6 exf6 11. O-O Bd6 12. d5 Ne5 13. dxe6 Nxf3+ 14. gxf3 Bxh2+ 15. Kxh2 Rxd1 16. exf7+ Kxf7 17. Raxd1 Rd8 18. Ng3 a6 19. Rxd8 Qxd8 20. Rd1 Qc7 21. Kg2 b5 22. a4 b4 23. Nd5 Qc6 24. Ne3 c3 25. bxc3 b3 26. Ne4 Qxa4 27. Nd6+ Kf8 28. Nec4 Qa2 29. Re1 g6 30. Re8+ Kg7 31. Re7+ Kh6 32. Rb7 a5 33. Ne3 b2 34. Ng4+ Kg5 35. Kg3 Qd5 36. f4+ 1-0

[Event "European Online Club-ch-D 2021"]
[Site "Online"]
[Date "2021.03.27"]
[Round "7.3"]
[White "Fischer, Daniel"]
[Black "Korkmaz, Necmettin"]
[Result "0-1"]
[ECO "C06"]
[WhiteElo "2276"]
[BlackElo "2101"]
[Annotator "NA"]
[PlyCount "72"]
[EventDate "2021.03.27"]
[EventType "team-tourn"]
[EventCountry "NET"]
[SourceTitle "playchess.com"]
[Source "ChessBase"]
[SourceQuality "1"]
[TimeControl "900+5"]

1. e4 e6 2. d4 d5 3. Nd2 Nf6 4. e5 Nfd7 5. Bd3 c5 6. c3 Nc6 7. Ne2 cxd4 8. cxd4 Qb6 9. Nf3 f6 10. exf6 Nxf6 11. O-O Bd6 12. Bf4 Bxf4 13. Nxf4 Qxb2 14. Re1 O-O 15. Re2 Qa3 16. Nxe6 Bxe6 17. Rxe6 Rae8 18. Qe2 Re7 19. Qe3 Kh8 20. Rxe7 Nxe7 21. Ne5 Qd6 22. Re1 Nc6 23. Qh3 Kg8 24. Ng4 Ne4 25. f3 Qb4 26. Rd1 Qxd4+ 27. Kh1 Ne5 28. fxe4 Nxd3 29. Qg3 h5 30. h3 dxe4 31. Nh6+ Kh7 32. Rb1 Kxh6 33. h4 Nf2+ 34. Kh2 Ng4+ 35. Kh1 Rf7 36. Re1 e3 0-1

[Event "European Online Club-ch-D 2021"]
[Site "Online"]
[Date "2021.03.27"]
[Round "7.5"]
[White "Gadimbayli, Abdulla"]
[Black "Lupulescu, Constantin"]
[Result "1/2-1/2"]
[ECO "B62"]
[WhiteElo "2470"]
[BlackElo "2656"]
[Annotator "ChessBase"]
[PlyCount "89"]
[EventDate "2021.03.27"]
[EventType "team-tourn"]
[EventCountry "NET"]
[SourceTitle "playchess.com"]
[Source "ChessBase"]
[SourceQuality "1"]
[TimeControl "900+5"]

1. e4 c5 2. Nf3 d6 3. d4 cxd4 4. Nxd4 Nf6 5. Nc3 Nc6 6. Bb5 Bd7 7. Bg5 e6 8. O-O Be7 9. Bxc6 bxc6 10. e5 dxe5 11. Nf3 Nd5 12. Bxe7 Qxe7 13. Nxe5 O-O 14. Ne4 Rfd8 15. c4 Be8 16. Qe2 f6 17. cxd5 cxd5 18. Nd2 fxe5 19. Qxe5 Qf6 20. Rfe1 Qxe5 21. Rxe5 Rd6 22. Rc1 Rb8 23. b3 a5 24. h3 Kf7 25. Rc7+ Kf6 26. f4 a4 27. Kf2 Rc6 28. Rxc6 Bxc6 29. g4 Rb4 30. Ke3 axb3 31. axb3 h6 32. h4 Bb7 33. Kf3 d4+ 34. Ke2 Bd5 35. Kd3 Bxb3 36. Nxb3 Rxb3+ 37. Kxd4 Rh3 38. g5+ Kf7 39. gxh6 gxh6 40. h5 Kf6 41. Ra5 Rh1 42. Ke4 Rh3 43. Kd4 Rh1 44. Ke4 Rh3 45. Kd4 1/2-1/2

[Event "European Online Club-ch-D 2021"]
[Site "Online"]
[Date "2021.03.27"]
[Round "7.6"]
[White "Parligras, Mircea-Emilian"]
[Black "Ibrahimli, Murad"]
[Result "1-0"]
[ECO "D37"]
[WhiteElo "2591"]
[BlackElo "2436"]
[Annotator "ChessBase"]
[PlyCount "65"]
[EventDate "2021.03.27"]
[EventType "team-tourn"]
[EventCountry "NET"]
[SourceTitle "playchess.com"]
[Source "ChessBase"]
[SourceQuality "1"]
[TimeControl "900+5"]

1. d4 Nf6 2. c4 e6 3. Nf3 d5 4. Nc3 Be7 5. Bf4 O-O 6. e3 Nbd7 7. a3 dxc4 8. Bxc4 a6 9. O-O b5 10. Be2 Bb7 11. b4 a5 12. Qb3 c6 13. e4 Nb6 14. Rfd1 axb4 15. axb4 Rxa1 16. Rxa1 Ne8 17. Ra7 Qc8 18. Ne5 Nd6 19. Nd3 Qb8 20. Ra2 Rd8 21. Nc5 Bc8 22. Qa3 Bf8 23. h4 Nbc4 24. Qa7 Qxa7 25. Rxa7 Ne8 26. Bxc4 bxc4 27. Ra8 Bxc5 28. bxc5 Kf8 29. Bd6+ Nxd6 30. cxd6 e5 31. d7 Rxd7 32. Rxc8+ Ke7 33. d5 1-0

[Event "European Online Club-ch-D 2021"]
[Site "Online"]
[Date "2021.03.27"]
[Round "7.7"]
[White "Babazada, Khazar"]
[Black "Georgescu, Tiberiu-Marian"]
[Result "1-0"]
[ECO "C77"]
[WhiteElo "2409"]
[BlackElo "2479"]
[Annotator "ChessBase"]
[PlyCount "67"]
[EventDate "2021.03.27"]
[EventType "team-tourn"]
[EventCountry "NET"]
[SourceTitle "playchess.com"]
[Source "ChessBase"]
[SourceQuality "1"]
[TimeControl "900+5"]

1. e4 e5 2. Nf3 Nc6 3. Bb5 a6 4. Ba4 Nf6 5. d3 d6 6. O-O g6 7. c3 Bg7 8. Re1 O-O 9. h3 b5 10. Bc2 d5 11. Nbd2 h6 12. Nb3 a5 13. a4 b4 14. Be3 Re8 15. Qd2 Kh7 16. Rad1 Be6 17. Qc1 Nd7 18. d4 bxc3 19. bxc3 dxe4 20. d5 Bxd5 21. Rxd5 exf3 22. Nc5 Ncb8 23. Nxd7 Nxd7 24. Red1 fxg2 25. Rxd7 Qh4 26. Kxg2 Re7 27. Rxe7 Qxe7 28. Qd2 f5 29. Qd7 Qf6 30. Qxc7 f4 31. Rd6 Qg5+ 32. Kh2 fxe3 33. Rxg6 Qf4+ 34. Rg3+ 1-0

[Event "European Online Club-ch-D 2021"]
[Site "Online"]
[Date "2021.03.27"]
[Round "7.8"]
[White "Gavrilescu, David"]
[Black "Eynullayev, Atilla"]
[Result "1-0"]
[ECO "B51"]
[WhiteElo "2476"]
[BlackElo "2347"]
[Annotator "ChessBase"]
[PlyCount "61"]
[EventDate "2021.03.27"]
[EventType "team-tourn"]
[EventCountry "NET"]
[SourceTitle "playchess.com"]
[Source "ChessBase"]
[SourceQuality "1"]
[TimeControl "900+5"]

1. e4 c5 2. Nf3 d6 3. Bb5+ Nd7 4. c3 Ngf6 5. Bd3 a6 6. Bc2 b5 7. d4 e5 8. a4 Rb8 9. O-O g6 10. Qe2 Bg7 11. Na3 c4 12. axb5 axb5 13. b3 cxb3 14. Bxb3 b4 15. Nc4 O-O 16. Nxd6 bxc3 17. Bxf7+ Kh8 18. dxe5 Nxe5 19. Nxe5 Qxd6 20. Bf4 Rb2 21. Qc4 Qb4 22. Ra8 Qxc4 23. Bxc4 Rb4 24. Ba2 Bb7 25. Nf7+ Kg8 26. Nd6+ Kh8 27. Rxf8+ Bxf8 28. Be5 Bg7 29. Bxc3 Rb6 30. Nf7+ Kg8 31. Rd1 1-0

[Event "European Online Club-ch-D 2021"]
[Site "Online"]
[Date "2021.03.27"]
[Round "7.10"]
[White "Lagarde, Maxime"]
[Black "Roubalik, Jakub"]
[Result "1-0"]
[ECO "B23"]
[WhiteElo "2640"]
[BlackElo "2391"]
[Annotator "ChessBase"]
[PlyCount "61"]
[EventDate "2021.03.27"]
[EventType "team-tourn"]
[EventCountry "NET"]
[SourceTitle "playchess.com"]
[Source "ChessBase"]
[SourceQuality "1"]
[TimeControl "900+5"]

1. e4 c5 2. Nc3 Nc6 3. Bb5 e6 4. Bxc6 bxc6 5. d3 d6 6. f4 Qh4+ 7. g3 Qd8 8. Nf3 h5 9. h3 Be7 10. Qe2 Rb8 11. b3 Nf6 12. Na4 c4 13. dxc4 d5 14. Ng5 Ba6 15. Be3 Bxc4 16. Qd2 Bb5 17. Nc5 Nd7 18. Ncxe6 fxe6 19. Nxe6 Qc8 20. Nxg7+ Kf7 21. Nf5 Nf6 22. Nxe7 Kxe7 23. exd5 cxd5 24. O-O-O Qf5 25. Bd4 Ne4 26. Qb4+ Nd6 27. Rhe1+ Kd7 28. Bxh8 Rxh8 29. Re5 Qf6 30. Rexd5 Qa1+ 31. Kd2 1-0

[Event "European Online Club-ch-D 2021"]
[Site "Online"]
[Date "2021.03.27"]
[Round "7.11"]
[White "Vymazal, Bronislav"]
[Black "Medvegy, Zoltan"]
[Result "1/2-1/2"]
[ECO "B29"]
[WhiteElo "2350"]
[BlackElo "2527"]
[Annotator "ChessBase"]
[PlyCount "90"]
[EventDate "2021.03.27"]
[EventType "team-tourn"]
[EventCountry "NET"]
[SourceTitle "playchess.com"]
[Source "ChessBase"]
[SourceQuality "1"]
[TimeControl "900+5"]

1. e4 c5 2. Nf3 Nf6 3. e5 Nd5 4. Nc3 Nxc3 5. dxc3 Nc6 6. Bf4 Qc7 7. Qd2 e6 8. O-O-O h6 9. h4 a6 10. h5 b5 11. Rh3 Bb7 12. Rg3 c4 13. Qe1 Ne7 14. Nd4 Nd5 15. Bd2 O-O-O 16. f4 d6 17. Rg4 Rg8 18. g3 Kb8 19. Qe2 b4 20. Qe1 bxc3 21. Bxc3 dxe5 22. fxe5 Be7 23. Ba5 Qc5 24. Bxd8 Bxd8 25. c3 Bg5+ 26. Rxg5 hxg5 27. Qd2 g4 28. Qg5 Nxc3 29. bxc3 Qa3+ 30. Kd2 Qb2+ 31. Ke1 Qxc3+ 32. Kf2 Qb2+ 33. Qd2 Qb6 34. Bg2 Rd8 35. Bxb7 Kxb7 36. Qe3 Rd5 37. Rd2 a5 38. Ke2 Ka6 39. Nc2 Qb5 40. Rxd5 Qxd5 41. Nd4 Qg2+ 42. Qf2 Qe4+ 43. Qe3 Qg2+ 44. Qf2 Qe4+ 45. Qe3 Qg2+ 1/2-1/2

[Event "European Online Club-ch-D 2021"]
[Site "Online"]
[Date "2021.03.27"]
[Round "7.12"]
[White "Guliyev, Namig"]
[Black "Sluka, Radek"]
[Result "1-0"]
[ECO "B51"]
[WhiteElo "2538"]
[BlackElo "2324"]
[Annotator "ChessBase"]
[PlyCount "89"]
[EventDate "2021.03.27"]
[EventType "team-tourn"]
[EventCountry "NET"]
[SourceTitle "playchess.com"]
[Source "ChessBase"]
[SourceQuality "1"]
[TimeControl "900+5"]

1. e4 c5 2. Nf3 d6 3. Bb5+ Nd7 4. d4 cxd4 5. Qxd4 e5 6. Qd3 a6 7. Bxd7+ Bxd7 8. c4 h6 9. Nc3 Rc8 10. O-O Nf6 11. b3 g5 12. Rd1 g4 13. Nh4 Qa5 14. Bd2 Qc7 15. a4 Be7 16. a5 Rd8 17. Be3 Qc6 18. Rac1 Be6 19. Bb6 Rd7 20. Nd5 Nxe4 21. Ng6 fxg6 22. Qxe4 Bf5 23. Qe2 Bg5 24. Be3 Bd8 25. b4 g5 26. b5 Qc8 27. bxa6 bxa6 28. c5 O-O 29. cxd6 Qa8 30. Ne7+ Bxe7 31. dxe7 Rxd1+ 32. Rxd1 Re8 33. Bc5 Qe4 34. Qxe4 Bxe4 35. Re1 Bd3 36. Rxe5 Kf7 37. h3 gxh3 38. gxh3 Bb5 39. Rf5+ Ke6 40. Rf8 Kd5 41. Ba3 Ke6 42. h4 gxh4 43. f4 Bd7 44. f5+ Ke5 45. f6 1-0

[Event "European Online Club-ch-D 2021"]
[Site "Online"]
[Date "2021.03.27"]
[Round "7.14"]
[White "Howell, David W L"]
[Black "Nandhidhaa, P V"]
[Result "1-0"]
[ECO "A14"]
[WhiteElo "2658"]
[BlackElo "2365"]
[Annotator "ChessBase"]
[PlyCount "93"]
[EventDate "2021.03.27"]
[EventType "team-tourn"]
[EventCountry "NET"]
[SourceTitle "playchess.com"]
[Source "ChessBase"]
[SourceQuality "1"]
[TimeControl "900+5"]

1. e3 d5 2. Nf3 Nf6 3. c4 e6 4. Nc3 b6 5. b3 Bb7 6. Bb2 Be7 7. g3 dxc4 8. bxc4 c5 9. Bg2 O-O 10. O-O Nc6 11. Qe2 Nb4 12. d4 cxd4 13. exd4 Rc8 14. Rfd1 Re8 15. Rac1 Bf8 16. Qf1 Ne4 17. a3 Nxc3 18. Rxc3 Nc6 19. d5 exd5 20. cxd5 Na5 21. Qd3 Rxc3 22. Bxc3 Nb3 23. Ne5 Nc5 24. Qc2 Qc7 25. Nc6 a6 26. h4 h6 27. a4 Qd6 28. Rb1 Qc7 29. Bd4 a5 30. Bf3 Ba6 31. Rd1 Nb7 32. Kg2 Nc5 33. h5 Nb7 34. Qf5 Nd6 35. Qf4 Be2 36. Rb1 Bxf3+ 37. Qxf3 Nc4 38. Qd3 Na3 39. Rxb6 Qd6 40. Be3 Qf6 41. Nxa5 Qd8 42. Nc6 Qc7 43. a5 Rxe3 44. fxe3 Qd6 45. a6 Qd7 46. a7 Qg4 47. a8=Q 1-0

[Event "European Online Club-ch-D 2021"]
[Site "Online"]
[Date "2021.03.27"]
[Round "7.15"]
[White "Dauletova, Gulmira"]
[Black "Jones, Gawain C B"]
[Result "0-1"]
[ECO "C76"]
[WhiteElo "2285"]
[BlackElo "2670"]
[Annotator "ChessBase"]
[PlyCount "110"]
[EventDate "2021.03.27"]
[EventType "team-tourn"]
[EventCountry "NET"]
[SourceTitle "playchess.com"]
[Source "ChessBase"]
[SourceQuality "1"]
[TimeControl "900+5"]

1. e4 e5 2. Nf3 Nc6 3. Bb5 a6 4. Ba4 d6 5. c3 g6 6. d4 Bd7 7. O-O Bg7 8. d5 Nce7 9. c4 b5 10. Bb3 Nf6 11. Re1 O-O 12. a4 Nh5 13. axb5 axb5 14. Rxa8 Qxa8 15. cxb5 Bxb5 16. Nc3 Ba6 17. Bg5 Bf6 18. Be3 Rb8 19. Nd2 Nf4 20. Bxf4 exf4 21. Qc2 Bc8 22. Na4 Qa5 23. Rd1 Bg4 24. f3 Bd7 25. Nc3 h5 26. Kh1 g5 27. e5 Bxe5 28. Nc4 Qb4 29. Nxe5 Bf5 30. Ne4 Bxe4 31. fxe4 Qxb3 32. Qxb3 Rxb3 33. Nc4 f5 34. Re1 fxe4 35. Rxe4 Nxd5 36. h4 g4 37. Rd4 c6 38. Kg1 Rb4 39. Kf2 Nb6 40. b3 d5 41. Rxf4 dxc4 42. bxc4 Nxc4 43. Rf5 Rb2+ 44. Ke1 Rxg2 45. Rxh5 Kf7 46. Rc5 Rc2 47. Rxc6 g3 48. Rc7+ Kf6 49. Rc6+ Kf5 50. Rc5+ Kg4 51. Rg5+ Kxh4 52. Rg8 Ne5 53. Kf1 Rf2+ 54. Ke1 Nf3+ 55. Kd1 g2 0-1

[Event "European Online Club-ch-D 2021"]
[Site "Online"]
[Date "2021.03.27"]
[Round "7.16"]
[White "Cheparinov, Ivan"]
[Black "Muminova, Nafisa"]
[Result "1-0"]
[ECO "E15"]
[WhiteElo "2667"]
[BlackElo "2274"]
[Annotator "ChessBase"]
[PlyCount "75"]
[EventDate "2021.03.27"]
[EventType "team-tourn"]
[EventCountry "NET"]
[SourceTitle "playchess.com"]
[Source "ChessBase"]
[SourceQuality "1"]
[TimeControl "900+5"]

1. d4 e6 2. Nf3 Nf6 3. c4 b6 4. g3 Ba6 5. b3 Be7 6. Nc3 d5 7. cxd5 exd5 8. Bg2 O-O 9. O-O Re8 10. Bb2 Bb4 11. Ne5 Qd6 12. a3 Bxc3 13. Bxc3 Ne4 14. Bb2 f6 15. Nd3 Nd7 16. Rc1 Nf8 17. Qc2 Re7 18. Rfd1 Rae8 19. e3 Bb7 20. a4 h5 21. Ra1 Rf7 22. Ba3 Qd7 23. Rac1 h4 24. Qe2 hxg3 25. hxg3 Nh7 26. Qh5 Nhg5 27. Nf4 g6 28. Qxg6+ Rg7 29. Rxc7 Qxc7 30. Qxe8+ Kh7 31. Rc1 Qd7 32. Qxd7 Rxd7 33. Bf1 Nf3+ 34. Kg2 Nfd2 35. Bb5 Rg7 36. Ne6 Nxb3 37. Rc2 Rf7 38. Be8 1-0

[Event "European Online Club-ch-D 2021"]
[Site "Online"]
[Date "2021.03.27"]
[Round "7.17"]
[White "Reimanis, Ritvars"]
[Black "Lopez Del Alamo, Antonio"]
[Result "1/2-1/2"]
[ECO "E99"]
[WhiteElo "2412"]
[BlackElo "2295"]
[Annotator "NA"]
[PlyCount "210"]
[EventDate "2021.03.27"]
[EventType "team-tourn"]
[EventCountry "NET"]
[SourceTitle "playchess.com"]
[Source "ChessBase"]
[SourceQuality "1"]
[TimeControl "900+5"]

1. d4 Nf6 2. c4 g6 3. Nc3 Bg7 4. e4 d6 5. Be2 O-O 6. Nf3 e5 7. O-O Nc6 8. d5 Ne7 9. Ne1 Nd7 10. f3 f5 11. g4 fxg4 12. fxg4 Rxf1+ 13. Kxf1 Nf6 14. g5 Nh5 15. Bxh5 gxh5 16. Qxh5 Ng6 17. Ng2 Bd7 18. Kg1 Qe7 19. Be3 Rf8 20. Rf1 Rxf1+ 21. Kxf1 Qf8+ 22. Ke1 Qc8 23. Qf3 a6 24. c5 dxc5 25. Bxc5 b5 26. h4 Bh3 27. Bf2 b4 28. Ne2 a5 29. Ne3 Nf4 30. Nxf4 exf4 31. Nc4 Bd7 32. Qxf4 Bb5 33. Ne5 Bxe5 34. Qxe5 Qg4 35. Qe6+ Qxe6 36. dxe6 Bc4 37. e7 Kf7 38. Bc5 Bxa2 39. h5 Ke8 40. g6 hxg6 41. hxg6 Bb1 42. g7 Ba2 43. Kd2 Bg8 44. Ke3 Bf7 45. Kf4 Bg8 46. Kf5 Kd7 47. Kf6 Ke8 48. Kg6 Kd7 49. e5 Ke8 50. e6 c6 51. Kf6 b3 52. Ke5 a4 53. Kd6 a3 54. Bxa3 c5 55. Bxc5 Bxe6 56. Ke5 Bg8 57. Kf6 Kd7 58. Kg6 Ke8 59. Bb4 Kd7 60. Kh6 Ke8 61. Ba3 Kd7 62. Kg6 Ke8 63. Kf6 Kd7 64. Bb4 Ke8 65. Be1 Kd7 66. Bh4 Ke8 67. Ke5 Kd7 68. Bg5 Bf7 69. Kf5 Bg8 70. Kg4 Ke8 71. Kf4 Kd7 72. Ke5 Bf7 73. Kf6 Bg8 74. Bh4 Ke8 75. Ke5 Kd7 76. Kd4 Bf7 77. Ke4 Bg8 78. Kf4 Bf7 79. Kf5 Bg8 80. Ke5 Bf7 81. Bg5 Bg8 82. Ke4 Bf7 83. Bh4 Bg8 84. Kf4 Bf7 85. Bf6 Bg8 86. Ke5 Bf7 87. Kf5 Bg8 88. Kg5 Ke8 89. Kh6 Kd7 90. Bh4 Ke8 91. Kg6 Kd7 92. Bg5 Ke8 93. Kf6 Kd7 94. Kf5 Bf7 95. Ke5 Bg8 96. Bh4 Bf7 97. Kf5 Bg8 98. Kg4 Ke8 99. Kh5 Kd7 100. Kg6 Ke8 101. Kf6 Kd7 102. Bf2 Ke8 103. Bc5 Kd7 104. Ba3 Ke8 105. Ke5 Kd7 1/2-1/2

[Event "European Online Club-ch-D 2021"]
[Site "Online"]
[Date "2021.03.27"]
[Round "7.18"]
[White "Sanchez Gonzalez, Sergio"]
[Black "Kvetny, Mark"]
[Result "0-1"]
[ECO "A40"]
[WhiteElo "2281"]
[BlackElo "2416"]
[Annotator "NA"]
[PlyCount "84"]
[EventDate "2021.03.27"]
[EventType "team-tourn"]
[EventCountry "NET"]
[SourceTitle "playchess.com"]
[Source "ChessBase"]
[SourceQuality "1"]
[TimeControl "900+5"]

1. c4 b6 2. Nc3 Bb7 3. d4 e6 4. Nf3 Bb4 5. Qb3 a5 6. a3 a4 7. Qc2 Bxc3+ 8. Qxc3 Nf6 9. e3 d6 10. Bd3 Nbd7 11. b4 axb3 12. Bb2 Ne4 13. Qxb3 Ng5 14. Be2 Nxf3+ 15. gxf3 Qh4 16. e4 O-O 17. Rc1 Ra5 18. c5 dxc5 19. Bc3 Raa8 20. Qb2 f6 21. dxc5 Nxc5 22. Bb4 Na4 23. Qb3 c5 24. Qxe6+ Kh8 25. Bd2 Rfe8 26. Qf5 Rad8 27. Qf4 Qxf4 28. Bxf4 Bc6 29. O-O f5 30. e5 g5 31. Bxg5 Rg8 32. h4 h6 33. f4 Rd4 34. Rc4 hxg5 35. fxg5 Rgd8 36. h5 Rxc4 37. Bxc4 Rd4 38. Bf7 Rg4+ 39. Kh2 Rg2+ 40. Kh3 Rxg5 41. e6 Bg2+ 42. Kh4 Rg4# 0-1

[Event "European Online Club-ch-D 2021"]
[Site "Online"]
[Date "2021.03.27"]
[Round "7.19"]
[White "Hoffmann, Hendrik"]
[Black "Gongora Montes, Benjamin"]
[Result "1-0"]
[ECO "C47"]
[WhiteElo "2242"]
[BlackElo "2198"]
[Annotator "NA"]
[PlyCount "91"]
[EventDate "2021.03.27"]
[EventType "team-tourn"]
[EventCountry "NET"]
[SourceTitle "playchess.com"]
[Source "ChessBase"]
[SourceQuality "1"]
[TimeControl "900+5"]

1. e4 e5 2. Nf3 Nc6 3. Nc3 Nf6 4. d4 exd4 5. Nxd4 Bb4 6. Nxc6 bxc6 7. Bd3 d5 8. exd5 Qe7+ 9. Qe2 Qxe2+ 10. Bxe2 cxd5 11. O-O O-O 12. Bf4 c6 13. a3 Bxc3 14. bxc3 Ne4 15. Be5 Re8 16. Bd4 c5 17. Bb5 Re6 18. f3 cxd4 19. fxe4 Rxe4 20. Bc6 Rb8 21. Bxd5 Re7 22. cxd4 Ba6 23. c4 h5 24. Rf5 Rb2 25. Raf1 Bb7 26. Rxf7 Bxd5 27. Rf8+ Kh7 28. cxd5 Rd2 29. R8f5 Kg6 30. h4 Rxd4 31. Rg5+ Kh6 32. g3 Rd3 33. a4 Ree3 34. Kg2 Rd2+ 35. Rf2 Red3 36. Rxd2 Rxd2+ 37. Kf3 Ra2 38. a5 Rxa5 39. d6 Ra3+ 40. Ke4 Ra4+ 41. Kd5 Ra1 42. Kc6 Rc1+ 43. Rc5 Rd1 44. Rd5 Rc1+ 45. Kb7 a5 46. d7 1-0

[Event "European Online Club-ch-D 2021"]
[Site "Online"]
[Date "2021.03.27"]
[Round "7.20"]
[White "Estevez Sacristan, Deva"]
[Black "Kelmendi, Bajrush"]
[Result "0-1"]
[ECO "B06"]
[WhiteElo "1932"]
[BlackElo "1951"]
[Annotator "NA"]
[PlyCount "108"]
[EventDate "2021.03.27"]
[EventType "team-tourn"]
[EventCountry "NET"]
[SourceTitle "playchess.com"]
[Source "ChessBase"]
[SourceQuality "1"]
[TimeControl "900+5"]

1. e4 g6 2. d4 Bg7 3. Nc3 b6 4. Be3 Bb7 5. Nf3 e6 6. Bd3 d6 7. Qd2 h6 8. O-O Ne7 9. Rad1 Nd7 10. b4 a6 11. a4 d5 12. Qe2 O-O 13. Nd2 dxe4 14. Ndxe4 Nf5 15. Bc4 Qe7 16. b5 axb5 17. axb5 Nxe3 18. fxe3 Ra3 19. Ra1 Rfa8 20. Rxa3 Rxa3 21. Bb3 Kh7 22. Qf3 Bxe4 23. Nxe4 f5 24. Nd2 Ra7 25. Qc6 e5 26. dxe5 Nxe5 27. Qd5 h5 28. e4 Ng4 29. Re1 Qc5+ 30. Qxc5 bxc5 31. Nf3 fxe4 32. Ng5+ Kh6 33. Nf7+ Kh7 34. Ng5+ Kh8 35. h3 Bd4+ 36. Kf1 Ne3+ 37. Ke2 Nxg2 38. Rf1 Kg7 39. Ne6+ Kh6 40. Rf7 Rb7 41. Bc4 Ne3 42. Bb3 Rxb5 43. h4 Nf5 44. Bd5 e3 45. Nf8 Nxh4 46. Be4 Rb6 47. Rf4 Kg5 48. Rf1 Nf5 49. Rg1+ Kh6 50. Kd3 Rf6 51. Nd7 Rd6 52. Bxf5 gxf5 53. Nf8 Bg7+ 54. Kxe3 Bd4+ 0-1

[Event "European Online Club-ch-D 2021"]
[Site "Online"]
[Date "2021.03.27"]
[Round "8.1"]
[White "Eren, Ataberk"]
[Black "Sanchez Gonzalez, Sergio"]
[Result "1-0"]
[ECO "D02"]
[WhiteElo "2306"]
[BlackElo "2281"]
[Annotator "NA"]
[PlyCount "61"]
[EventDate "2021.03.27"]
[EventType "team-tourn"]
[EventCountry "NET"]
[SourceTitle "playchess.com"]
[Source "ChessBase"]
[SourceQuality "1"]
[TimeControl "900+5"]

1. d4 Nf6 2. Nf3 e6 3. Bf4 c5 4. e3 d5 5. Nbd2 Nc6 6. c3 Bd6 7. Bg3 Qc7 8. dxc5 Bxg3 9. hxg3 a5 10. a4 Bd7 11. Nb3 e5 12. Bb5 e4 13. Nfd4 Ne5 14. O-O O-O 15. Be2 Rfd8 16. Nb5 Bxb5 17. axb5 Nc4 18. Qd4 a4 19. Nc1 Nxb2 20. Qb4 Nc4 21. Bxc4 dxc4 22. Qxc4 a3 23. Nb3 Qe5 24. c6 bxc6 25. bxc6 Ng4 26. Rfd1 Qf5 27. Rxd8+ Rxd8 28. c7 Qxf2+ 29. Kh1 Rc8 30. Rd1 Qf6 31. Qa6 1-0

[Event "European Online Club-ch-D 2021"]
[Site "Online"]
[Date "2021.03.27"]
[Round "8.2"]
[White "Gongora Montes, Benjamin"]
[Black "Ozkan, Ervin"]
[Result "0-1"]
[ECO "D03"]
[WhiteElo "2198"]
[BlackElo "2147"]
[Annotator "NA"]
[PlyCount "64"]
[EventDate "2021.03.27"]
[EventType "team-tourn"]
[EventCountry "NET"]
[SourceTitle "playchess.com"]
[Source "ChessBase"]
[SourceQuality "1"]
[TimeControl "900+5"]

1. d4 d5 2. Nf3 Nf6 3. Bg5 e6 4. Nbd2 Be7 5. e3 h6 6. Bh4 Nbd7 7. Bd3 b6 8. Ne5 Nxe5 9. dxe5 Nd7 10. Bg3 Bb7 11. Qe2 Nc5 12. O-O-O Qd7 13. Qg4 Nxd3+ 14. cxd3 O-O-O 15. Qxg7 h5 16. Qxf7 Rdf8 17. Qg7 Qe8 18. Nf3 Rfg8 19. Qxh8 Rxh8 20. Bf4 Rg8 21. g3 Qa4 22. Kb1 c5 23. h4 c4 24. Nd4 Kd7 25. dxc4 dxc4 26. Rhe1 Be4+ 27. Ka1 Bd3 28. Ne2 Bb4 29. Nc3 Bxc3 30. bxc3 Qa3 31. Rc1 Rc8 32. Bh6 Ke8 0-1

[Event "European Online Club-ch-D 2021"]
[Site "Online"]
[Date "2021.03.27"]
[Round "8.3"]
[White "Kilic, Gokturk Kagan"]
[Black "Pascual Palomo, Lucia"]
[Result "1-0"]
[ECO "A90"]
[WhiteElo "2084"]
[BlackElo "2101"]
[Annotator "NA"]
[PlyCount "123"]
[EventDate "2021.03.27"]
[EventType "team-tourn"]
[EventCountry "NET"]
[SourceTitle "playchess.com"]
[Source "ChessBase"]
[SourceQuality "1"]
[TimeControl "900+5"]

1. d4 e6 2. c4 f5 3. g3 Nf6 4. Bg2 Bb4+ 5. Bd2 Be7 6. Nc3 O-O 7. Nf3 c5 8. O-O cxd4 9. Nxd4 Nc6 10. Bg5 h6 11. Bxf6 Bxf6 12. Ndb5 Na5 13. Qd3 Rb8 14. Nxa7 Qc7 15. b3 Bxc3 16. Nb5 Qe5 17. Qxc3 Qxc3 18. Nxc3 b6 19. Rfd1 Rf7 20. Rd6 f4 21. Rad1 Kf8 22. Na4 b5 23. cxb5 Rxb5 24. Nb6 Bb7 25. Nxd7+ Kg8 26. Rxe6 Rbf5 27. Bxb7 Nxb7 28. Ne5 Rf8 29. Ng6 R5f6 30. Nxf8 Kxf8 31. Rxf6+ gxf6 32. gxf4 Nc5 33. e3 Ne4 34. Kg2 Nc3 35. Rd2 Ne4 36. Rb2 Nc3 37. b4 Ke7 38. Rb3 Nb5 39. a4 Na7 40. b5 f5 41. a5 Kd6 42. b6 Nc6 43. b7 Nb8 44. Rb6+ Kc7 45. Kg3 h5 46. Kh4 Nd7 47. b8=Q+ Nxb8 48. Rxb8 Kxb8 49. Kxh5 Kc7 50. Kg6 Kd6 51. h4 Kd5 52. h5 Ke4 53. h6 Kf3 54. h7 Ke2 55. h8=Q Kf1 56. a6 Ke2 57. a7 Kf3 58. a8=Q+ Ke2 59. Qh5+ Kf1 60. Qa1+ Kg2 61. Qhh1+ Kxf2 62. Qae1# 1-0

[Event "European Online Club-ch-D 2021"]
[Site "Online"]
[Date "2021.03.27"]
[Round "8.4"]
[White "Estevez Sacristan, Deva"]
[Black "Erdogmus, Yagiz Kaan"]
[Result "0-1"]
[ECO "B45"]
[WhiteElo "1932"]
[BlackElo "1955"]
[Annotator "NA"]
[PlyCount "66"]
[EventDate "2021.03.27"]
[EventType "team-tourn"]
[EventCountry "NET"]
[SourceTitle "playchess.com"]
[Source "ChessBase"]
[SourceQuality "1"]
[TimeControl "900+5"]

1. e4 c5 2. Nc3 e6 3. Nf3 Nc6 4. d4 cxd4 5. Nxd4 Nf6 6. g3 Bb4 7. Bg2 O-O 8. O-O d6 9. Nxc6 bxc6 10. Na4 Ba6 11. c3 Bxf1 12. Qxf1 Ba5 13. Bg5 h6 14. Bf4 Bc7 15. Rd1 d5 16. Be3 Ng4 17. Bc5 Bd6 18. h3 Bxc5 19. Nxc5 Ne5 20. exd5 cxd5 21. Qe2 Qc7 22. Na6 Qb6 23. Qxe5 Qxa6 24. a3 Rab8 25. Rd2 Rb3 26. Rd4 f6 27. Qc7 Rb7 28. Qc5 Rxb2 29. Rd1 Qb6 30. Qxb6 axb6 31. Re1 Kf7 32. Bf1 Rc8 33. Bb5 Rxb5 0-1